 Dungeon Crawl Stone Soup version 0.29.1-1-gd02db6906a (webtiles) character file.

Game seed: 1281783324627038302

2956 hawla the Arsonist (level 10, -7/49 (73) HPs)
             Began as a Meteoran Fire Elementalist on Oct 3, 2022.
             Was an Elder of Jiyva.
             Mangled by a warg (13 damage)
             ... on level 8 of the Dungeon.
             The game lasted 00:26:22 (4754 turns).

hawla the Arsonist (Meteoran Fire Elementalist)     Turns: 4754, Time: 00:26:23

HP:   -7/49 (73)    AC:  6    Str: 10    XL:     10   Next: 28%
MP:   20/24         EV: 14    Int: 21    God:    Jiyva [****..]
Gold: 58            SH:  0    Dex: 15    Spells: 20/27 levels left

rFire   . . .      SeeInvis .   g - staff of death
rCold   . . .      Faith    .   (no shield)
rNeg    + . .      Spirit   .   a - +2 robe
rPois   .          Reflect  .   (no helmet)
rElec   .          Harm     .   c - +0 cloak
rCorr   +          Rampage  .   (no gloves)
Will    +....                   n - +0 pair of boots
Stlth   +.........              (no amulet)
HPRegen 1.44/turn               (no ring)
MPRegen 0.59/turn               (no ring)

@: glowing, very heavily drained
A: sense surroundings 2, otherworldly, glowing, explore regen, talons 2,
evolution 2
a: Renounce Religion, Oozemancy, Slimify


You were on level 8 of the Dungeon.
You worshipped Jiyva.
Jiyva was greatly pleased with you.
You visited 1 branch of the dungeon, and saw 8 of its levels.
You also visited: Sewer.

You collected 239 gold pieces.
You spent 181 gold pieces at shops.

Inventory:

Hand Weapons
 v - a +2 quarterstaff of chaos
Armour
 a - a +2 robe (worn)
 c - a +0 cloak (worn)
 n - a +0 pair of boots (worn)
 q - a +1 helmet of see invisible
Magical Staves
 g - a staff of death (weapon)
 r - a staff of earth
Wands
 p - a wand of flame (5)
Scrolls
 e - a scroll of vulnerability
 f - a scroll of teleportation
Potions
 b - a potion of magic
 h - a potion of curing {unknown}
 i - 4 potions of cancellation {unknown}
 j - 2 potions of haste {unknown}
 k - 2 potions of heal wounds {unknown}
 l - 3 potions of might {unknown}
 m - a potion of mutation {unknown}
 o - 2 potions of ambrosia {unknown}
 s - a potion of flight {unknown}
 t - a potion of brilliance


   Skills:
 + Level 2.1 Fighting
 + Level 1.2 Staves
 + Level 4.8 Dodging
 - Level 1.4 Stealth
 + Level 9.1 Spellcasting
 + Level 5.9 Conjurations
 + Level 1.5 Necromancy
 + Level 10.8 Fire Magic
 + Level 1.5 Earth Magic
 + Level 1.5 Evocations


You had 20 spell levels left.
You knew the following spells:

 Your Spells              Type           Power      Damage    Failure   Level
a - Foxfire               Conj/Fire      100%       2x1d9     1%          1
b - Scorch                Fire           100%       2d10      1%          2
c - Flame Wave            Conj/Fire      44%        2d11      2%          4

Your spell library contained the following spells:

 Spells                   Type           Power      Damage    Failure   Level
 Conjure Flame            Conj/Fire      44%        6-21      1%          3
 Inner Flame              Hex/Fire       32%        N/A       2%          3
 Sticky Flame             Conj/Fire      44%        2d6       2%          4
 Ignite Poison            Fire/Tmut/Pois 24%        N/A       4%          3
 Summon Guardian Golem    Hex/Summ       9%         N/A       22%         3
 Orb of Destruction       Conj           17%        9d7       99%         7
 Spellforged Servitor     Conj/Summ      11%        N/A       100%        7


Dungeon Overview and Level Annotations

Branches:
Dungeon (8/15) Zot: 590    Temple (0/1) D:7            Lair (0/5) D:8
  Sewer (visited)

Altars:
Cheibriados
Dithmenos
Nemelex Xobeh

Shops:
D:1 [   D:5 (   D:6 =

Annotations:
D:6 Maggie
D:7 2 transporters


Innate Abilities, Weirdness & Mutations

You passively map the area around you.
You are easily found by Zot.
You glow in the dark.
You regain HP and MP as you explore.
You have razor-sharp toenails.
You have great hidden genetic potential.


Message History

An orc priest comes into view. It is wielding a +0 mace.
The orc priest shouts!
The warg howls!
You hit the warg.
The warg is lightly wounded.
The warg misses you. The orc wizard closely misses you.
An orc priest comes into view. It is wielding a +0 trident.
The warg bites you.
You barely miss the warg.
The warg is lightly wounded.
The orc priest shouts!
The warg closely misses you.
The orc wizard hits you with a +0 dagger.
The orc warrior hits you from afar with a +0 trident of protection!
Casting: Foxfire (safe; 1% risk of failure)
Confirm with . or Enter, or press ? or * to list all spells.
Casting: Flame Wave (dangerous; 2% risk of failure)
Press: ? - help, Dir - look around, f - activate A wave of flame ripples out!
The flame wave engulfs the orc wizard!
The orc wizard is heavily wounded.
The flame wave engulfs the warg!
The warg is moderately wounded. (Press . to intensify the flame waves.)
The warg bites you. The orc wizard closely misses you.
The orc warrior hits you from afar with a +0 trident of protection!
A wave of flame ripples out!
The flame wave engulfs the orc!
You kill the orc!
The flame wave engulfs the orc wizard!
You kill the orc wizard!
The flame wave engulfs the warg!
The warg is heavily wounded.
The flame wave engulfs the orc warrior!
The orc warrior is moderately wounded.
The flame wave engulfs the orc!
You kill the orc!
You hear a shout!
The warg bites you but does no damage.
The orc warrior hits you from afar with a +0 trident of protection!
* * * LOW HITPOINT WARNING * * *
The warg bites you!
You die...

* * ,, ...... * , * ##*,
..... ,** , ##.#...###....
*, , .# ###.............
*,,...##*###.........
#.... ,.....##.........#
*#..<. , ,
......#.........#####...
,......)...........# #...
, ,
>...ooh@......###.###...
,,...o.)h#$.....#.........
..P...#.................
.....##.##....##........ ,
* ...##*#. #....##.......)
* .. .. #........##.... ,
, ,. *, .......#..####
*... , , * ..<....##..# .)
, ,........##... , .


You could see 2 wargs, an orc warrior and 2 orc priests.

Vanquished Creatures
  A wyvern (D:7)
  The ghost of miserystealer the Shooter, an amateur PaHu of Ru (D:3)
  Menkaure (D:6)
  Duvessa (D:6)
  3 ice beasts
  A sky beast (D:7)
  3 ogres
  A black bear (D:6)
  A centaur (D:7)
  Blork the orc (D:6)
  A kobold brigand (D:6)
  A gnoll sergeant (D:6)
  A bullfrog (D:7)
  2 necrophages
  4 scorpions
  4 wights (D:7)
  Dowan (D:6)
  A howler monkey (D:6)
  2 jellies (Sewer)
  A hound (D:4)
  Crazy Yiuf (D:5)
  3 orc priests
  4 iguanas
  Terence (D:3)
  8 orc wizards
  4 adders
  11 gnolls
  A river rat (Sewer)
  3 worms
  2 dart slugs
  14 orcs
  15 endoplasms
  9 giant cockroaches
  13 goblins
  5 hobgoblins
  2 quokkas
  13 ball pythons
  8 bats
  4 frilled lizards
  14 kobolds
  12 rats
179 creatures vanquished.

Vanquished Creatures (collateral kills)
  A foxfire (D:2)
1 creature vanquished.

Vanquished Creatures (others)
  A centaur (D:6)
  An ogre (D:7)
  A kobold brigand (D:5)
  A necrophage (D:6)
  A bullfrog (D:7)
  A scorpion (D:6)
  A wight (D:7)
  8 jellies
  An orc priest (D:5)
  An orc wizard (D:5)
  2 adders
  11 orcs
  A ball python (D:4)
  An endoplasm (D:4)
  A goblin (D:4)
  A quokka (D:4)
  16 kobolds
  277 foxfires
  65 plants (D:5)
392 creatures vanquished.

Grand Total: 572 creatures vanquished

Notes
Turn   | Place    | Note
-------+----------+-------------------------------------------
     0 | D:1      | hawla the Meteoran Fire Elementalist began the quest for
                  | the Orb.
     0 | D:1      | Reached XP level 1. HP: 14/14 MP: 5/5
    95 | D:1      | Found Aluale's Armour Emporium.
   150 | D:1      | Reached XP level 2. HP: 20/20 MP: 3/6
   257 | D:1      | Reached skill level 4 in Fire Magic
   500 | D:1      | Glimpsed the power of Zot.
   551 | D:2      | Reached XP level 3. HP: 20/26 MP: 4/8
   554 | D:2      | Learned a level 2 spell: Scorch
   707 | D:2      | Reached XP level 4. HP: 33/33 MP: 1/10
   863 | D:2      | Found a faded altar of an unknown god.
   972 | D:2      | Found a shadowy altar of Dithmenos.
  1184 | D:3      | Found a sparkling altar of Nemelex Xobeh.
  1254 | D:3      | Reached skill level 1 in Necromancy
  1254 | D:3      | Reached skill level 1 in Evocations
  1254 | D:3      | Reached XP level 5. HP: 38/38 MP: 5/11
  1340 | D:3      | Noticed Terence
  1377 | D:3      | Found a glowing drain.
  1398 | Sewer    | Entered a sewer
  1647 | Sewer    | Reached XP level 6. HP: 46/46 MP: 2/13
  1683 | Sewer    | Found a viscous altar of Jiyva.
  1697 | Sewer    | Became a worshipper of Jiyva Jutysk the Shapeless
  1774 | D:3      | Reached skill level 1 in Fighting
  1774 | D:3      | Reached skill level 5 in Spellcasting
  1774 | D:3      | Reached skill level 5 in Fire Magic
  1779 | D:3      | Learned a level 4 spell: Flame Wave
  1803 | D:3      | Reached XP level 7. HP: 27/52 MP: 4/15
  1924 | D:3      | Killed Terence
  1938 | D:3      | Found a runed translucent door.
  1940 | D:3      | Noticed miserystealer's ghost (amateur PaHu)
  2056 | D:3      | Glimpsed the power of Zot.
  2099 | D:4      | Reached skill level 6 in Fire Magic
  2152 | D:1      | Bought a +1 helmet of see invisible for 181 gold pieces
  2263 | D:4      | Reached skill level 7 in Fire Magic
  2263 | D:4      | Reached XP level 8. HP: 44/59 MP: 4/16
  2286 | D:4      | Reached * piety under Jiyva
  2563 | D:5      | Entered Level 5 of the Dungeon
  2675 | D:5      | Reached skill level 1 in Earth Magic
  2701 | D:5      | Reached ** piety under Jiyva
  2839 | D:5      | Found a runed translucent door.
  2840 | D:5      | Noticed Crazy Yiuf
  3206 | D:5      | Found a snail-covered altar of Cheibriados.
  3212 | D:5      | Found Dasoa's Antique Weapon Shoppe.
  3252 | D:5      | Glimpsed the power of Zot.
  3282 | D:6      | Identified the +1 short sword of Havoc {protect, rElec
                  | Str+10 Int-2 Dex-4}
  3366 | D:6      | Reached skill level 8 in Fire Magic
  3366 | D:6      | Noticed Menkaure
  3373 | D:6      | Killed Menkaure
  3374 | D:6      | Reached skill level 1 in Staves
  3374 | D:6      | Gained mutation: You passively map the area around you.
                  | [Meteoran growth]
  3374 | D:6      | Reached XP level 9. HP: 22/64 MP: 1/19
  3389 | D:6      | Noticed Duvessa
  3390 | D:6      | Noticed Maggie
  3424 | D:6      | Noticed Blork the orc
  3432 | D:6      | Reached skill level 5 in Conjurations
  3433 | D:6      | Killed Blork the orc
  3434 | D:6      | Reached skill level 9 in Fire Magic
  3456 | D:6      | Reached *** piety under Jiyva
  3488 | D:6      | Found Ecuolasi's Jewellery Shoppe.
  3834 | D:6      | Noticed Dowan
  3840 | D:6      | Killed Dowan
  3842 | D:6      | Killed Duvessa
  3852 | D:6      | Glimpsed the power of Zot.
  3915 | D:7      | Gained mutation: You have hidden genetic potential.
                  | [Jiyva's grace]
  3915 | D:7      | Gained mutation: You have great hidden genetic potential.
                  | [Jiyva's grace]
  3915 | D:7      | Gained mutation: You have sharp toenails. [Jiyva's grace]
  3915 | D:7      | Gained mutation: You have razor-sharp toenails. [Jiyva's
                  | grace]
  3921 | D:7      | Reached skill level 10 in Fire Magic
  3952 | D:7      | Reached XP level 10. HP: 72/72 MP: 12/23
  4070 | D:7      | Found a transporter.
  4071 | D:7      | Reached **** piety under Jiyva
  4081 | D:7      | Found a staircase to the Ecumenical Temple.
  4209 | D:7      | Found a transporter.
  4449 | D:5      | Glimpsed the power of Zot.
  4498 | D:3      | Glimpsed the power of Zot.
  4499 | D:3      | Killed miserystealer's ghost
  4536 | D:4      | Glimpsed the power of Zot.
  4546 | D:4      | Touched by the power of Zot.
  4604 | D:5      | Killed Crazy Yiuf
  4646 | D:5      | Glimpsed the power of Zot.
  4695 | D:7      | Glimpsed the power of Zot.
  4750 | D:8      | Found a staircase to the Lair.
  4754 | D:8      | Mangled by a warg

Illustrated notes

Levels and vault maps discovered:
D:1:      heliophobic_arrival_ceremonial_halls, layout_basic, serial_shops,
          shop, chequers_mini_garden
D:2:      layout_rooms, basic_altar, chequers_ecumenical_altar_lobes,
          interstate_on_off, minmay_worlds_worst_comb
D:3:      layout_basic, nemelex_altar_shiori, ebering_ghost_reflecting_pool,
          portal_sewer_entry_a, uniq_terence
D:4:      minmay_spotlight, layout_rooms
D:5:      kennysheep_kobold_camp, layout_basic, cheibriados_altar_1,
          serial_shops, nicolae_shop_waterfront, amcnicky_mini_pool_small,
          minmay_misc_feat_rugged, uniq_crazy_yiuf_cottage
D:6:      layout_layer_cave, serial_shops, nicolae_stop_n_shop_2, uniq_maggie,
          uniq_blork_the_orc, uniq_menkaure, uniq_duvessa
D:7:      gammafunk_cloud_chamber, layout_basic, minmay_temple_entry_trees,
          st_stairs_1, minmay_microvault
D:8:      layout_cave_pools, general_overflow_altar, erik_lair_orcish_takeover,
          serial_shops, shop, nicolae_ossuary_entry_monument

Skill      XL: |  1  2  3  4  5  6  7  8  9 10 |
---------------+-------------------------------+-----
Fire Magic     | 4 5 7 8 10 | 10.8
Spellcasting   | 3 4 5 6 8 9 |  9.1
Dodging        | 3 4 |  4.8
Necromancy     | 1 |  1.5
Evocations     | 1 |  1.5
Conjurations   | 2 3 4 5 |  5.9
Fighting       | 1 2 |  2.1
Earth Magic    | 1 |  1.5
Staves         | 1 |  1.2
Stealth        | |  1.4

Action                   |  1- 3 |  4- 6 |  7- 9 | 10-12 || total
-------------------------+-------+-------+-------+-------++-------
Melee: Unarmed           |     4 |       |       |       ||     4
       Staff             |       |    12 |    13 |    21 ||    46
       Punch             |       |       |       |     1 ||     1
 Cast: Foxfire           |    43 |    75 |    44 |     9 ||   171
       Scorch            |     3 |    33 |    37 |    10 ||    83
       Flame Wave        |       |       |    13 |     5 ||    18
  Use: Scroll            |     3 |     5 |     4 |     2 ||    14
       Potion            |       |     2 |     1 |       ||     3
Armor: Robe              |     6 |    30 |    20 |     8 ||    64
Dodge: Dodged            |    15 |    41 |    36 |    23 ||   115
